 Dungeon Crawl Stone Soup version 0.29.0-11-gd7f09526c8 (webtiles) character file.

Game seed: 228138073528393425

1064 greasedhog the Sneak (level 8, -3/46 HPs)
             Began as a Deep Elf Abyssal Knight on Sept 7, 2022.
             Was a Priest of Lugonu.
             Slain by Maggie
             ... wielding a +0 morningstar
              (7 damage)
             ... on level 6 of the Dungeon.
             The game lasted 00:13:32 (8486 turns).

greasedhog the Sneak (Deep Elf Abyssal Knight)      Turns: 8486, Time: 00:13:32

Health: -3/46      AC:  5    Str: 10    XL:     8   Next: 6%
Magic:  13/13      EV: 14    Int: 16    God:    Lugonu [***...]
Gold:   188        SH:  0    Dex: 23    Spells: 7/7 levels left

rFire   . . .      SeeInvis .   a - +1 short sword
rCold   . . .      Faith    .   (no shield)
rNeg    . . .      Spirit   .   b - +0 leather armour
rPois   .          Reflect  .   d - +0 helmet
rElec   .          Harm     .   (no cloak)
rCorr   .          Rampage  .   v - +0 pair of gloves
Will    .....                   (no boots)
Stlth   +++.......              (no amulet)
HPRegen 0.15/turn               f - +6 ring of dexterity
MPRegen 0.13/turn               (no ring)

@: silenced, flying
A: no striking features
a: Renounce Religion


You were on level 6 of the Dungeon.
You worshipped Lugonu.
Lugonu was most pleased with you.
You visited 1 branch of the dungeon, and saw 6 of its levels.
You visited the Abyss 1 time.

You collected 236 gold pieces.
You spent 48 gold pieces at shops.

Inventory:

Hand Weapons
 a - a +1 short sword (weapon)
 n - a +0 rapier
 z - a +0 rapier
Missiles
 p - 2 curare-tipped darts (quivered)
Armour
 b - a +0 leather armour (worn)
 d - a +0 helmet (worn)
 v - a +0 pair of gloves (worn)
Jewellery
 f - a +6 ring of dexterity (left hand)
 m - a +6 ring of intelligence
 u - a ring of resist corrosion
Wands
 y - a wand of charming (5)
 A - a wand of flame (13)
Scrolls
 j - 3 scrolls of teleportation
 k - a scroll of poison
 l - a scroll of vulnerability
 q - a scroll of silence
 r - a scroll of magic mapping
 s - a scroll of enchant weapon {unknown}
Potions
 w - a potion of attraction


   Skills:
 * Level 3.3 Fighting
 - Level 5.0 Short Blades
 - Level 0.7 Armour
 * Level 4.5 Dodging
 * Level 6.9 Stealth
 - Level 5.1 Invocations


You had 7 spell levels left.
You didn't know any spells.
Your spell library contained the following spells:

 Spells                   Type           Power      Damage    Failure   Level
 Shock                    Conj/Air       0%         1d3       34%         1
 Static Discharge         Conj/Air       0%         3-3/arc   45%         2
 Dazzling Flash           Conj/Hex       0%         N/A       71%         3
 Airstrike                Air            0%         2d(0-16)  98%         4
 Corpse Rot               Necr/Pois/Air  0%         N/A       98%         4
 Agony                    Necr           0%         N/A       100%        5
 Alistair's Intoxication  Tmut/Pois      0%         N/A       100%        5
 Lightning Bolt           Conj/Air       0%         1d11      100%        5
 Silence                  Hex/Air        0%         N/A       100%        5
 Conjure Ball Lightning   Conj/Air       0%         3x3d6     100%        6
 Maxwell's Capacitive Co  Air            0%         ∞         100%        8
 Chain Lightning          Conj/Air       0%         N/A       100%        9
 Fire Storm               Conj/Fire      0%         5d1       100%        9
 Shatter                  Erth           0%         3d5*      100%        9


Dungeon Overview and Level Annotations

Branches:
Dungeon (6/15)
 Temple: D:4-7

Altars:
Hepliaklqana
Trog

Shops:
D:3 *

Annotations:
D:6 Maggie


Message History

You feel clever all of a sudden. Maggie hits you with a +0 morningstar.
* * * LOW HITPOINT WARNING * * *
It was a potion of cancellation.
Your magical effects are unravelling.
You feel magically purged.
You feel less wooden.
Your +0 helmet unmelds from your body.
Your +0 pair of gloves unmelds from your body.
Your +0 leather armour unmelds from your body.
You feel yourself slow down.
You break out of your daze.
You feel a little less clever now.
Your resistance to elements expires.
Maggie hits you with a +0 morningstar.
* * * LOW HITPOINT WARNING * * *
You feel less attractive to monsters.
You feel better. Maggie barely misses you.
You feel very buoyant.
You fly up into the air.
Maggie barely misses you. Maggie closely misses you.
It was a potion of heal wounds.
You feel much better.
Maggie gestures wildly while chanting.
Maggie attempts to bespell you!
You are mesmerised by Maggie!
As you read the scroll of silence, it crumbles to dust.
A profound silence engulfs you.
You are no longer entranced.
Maggie closely misses you. Maggie hits you with a +0 morningstar.
You closely miss Maggie.
Maggie is moderately wounded.
Maggie hits you with a +0 morningstar!
You closely miss Maggie.
Maggie is moderately wounded.
Maggie hits you with a +0 morningstar!
You closely miss Maggie.
Maggie is moderately wounded.
Maggie misses you. Maggie attacks as you move away!
Maggie hits you with a +0 morningstar!
* * * LOW HITPOINT WARNING * * *
Maggie hits you with a +0 morningstar!
You die...

##.....#....
##...........
#............
##.##'##...##.
#########..#♣.♣## ##♣.
#..........##...###)..
#......###..##..)..).#
#....@# #>..##..<..##
#....@# ##...##♣.♣##.
#.....# ##...#####..
#.....# ######.###..##
#.....###..........#
#......##.####.#####
#..........#...#
#.....##.....###
##########..###
##....#


You could see Maggie (fast).

Vanquished Creatures
  A black bear (D:5)
  A sky beast (D:6)
  A centaur (D:3)
  2 scorpions (D:5)
  2 hounds
  An orc priest (D:5)
  3 iguanas
  2 orc wizards
  Robin (D:2)
  7 gnolls
  4 adders
  2 white imps (D:6)
  An ufetubus (D:6)
  A dart slug (D:1)
  12 orcs
  12 ball pythons
  5 endoplasms
  3 giant cockroaches
  13 goblins
  12 hobgoblins
  3 jackals (D:1)
  3 kobolds
  A quokka (D:2)
  4 bats
  4 frilled lizards
  4 rats
105 creatures vanquished.

Vanquished Creatures (others)
  9 fungi
  5 toadstools (D:1)
14 creatures vanquished.

Grand Total: 119 creatures vanquished

Notes
Turn   | Place    | Note
-------+----------+-------------------------------------------
     0 | Abyss:1  | greasedhog the Deep Elf Abyssal Knight began the quest for
                  | the Orb.
     0 | Abyss:1  | Reached XP level 1. HP: 13/13 MP: 4/4
     1 | D:1      | Escaped the Abyss
   285 | D:1      | Reached skill level 1 in Stealth
   334 | D:1      | Reached XP level 2. HP: 17/18 MP: 5/5
  1261 | D:1      | Reached XP level 3. HP: 22/22 MP: 7/7
  1374 | D:2      | Reached skill level 2 in Stealth
  1499 | D:2      | Got the Tome of Putrid Conduction
  1544 | D:2      | Reached *** piety under Lugonu
  1863 | D:2      | Identified the +2 helmet of Intense Creativity {+Blink rF+
                  | SInv}
  1863 | D:2      | Noticed Robin
  2215 | D:3      | You fall into a shaft and drop 2 floors!
  2215 | D:5      | Entered Level 5 of the Dungeon
  2275 | D:4      | Reached XP level 4. HP: 10/27 MP: 8/8
  2700 | D:4      | Reached skill level 3 in Stealth
  2902 | D:4      | Noticed a black bear
  3052 | D:3      | Reached XP level 5. HP: 31/31 MP: 9/9
  3129 | D:3      | Noticed a centaur
  3133 | D:3      | Killed a centaur
  3134 | D:3      | Reached skill level 4 in Stealth
  3687 | D:3      | Found Zutwud's General Store.
  3691 | D:3      | Bought a potion of might for 48 gold pieces
  3874 | D:2      | Killed Robin
  4488 | D:4      | Reached XP level 6. HP: 19/36 MP: 11/11
  5127 | D:4      | Reached skill level 5 in Stealth
  5514 | D:4      | Found a hazy altar of Hepliaklqana.
  5551 | D:5      | Reached skill level 5 in Invocations
  5551 | D:5      | Reached XP level 7. HP: 40/40 MP: 12/12
  6060 | D:5      | Reached skill level 5 in Short Blades
  6317 | D:5      | Found a bloodstained altar of Trog.
  6372 | D:5      | HP: 2/40 [centaur (3)]
  6374 | D:5      | Reached skill level 6 in Stealth
  8303 | D:6      | Reached XP level 8. HP: 28/46 MP: 13/13
  8452 | D:6      | Noticed Maggie
  8486 | D:6      | Slain by Maggie

Illustrated notes

Levels and vault maps discovered:
D:1:      ldierk_walled_garden, layout_basic, minmay_misc_feat_ornament,
          lemuel_another_geyser
D:2:      layout_basic, uniq_robin
D:3:      minmay_door_path, layout_basic, serial_shops, shop
D:4:      layout_basic, kennysheep_little_box, serial_glass, glass_columns_b,
          glass_columns_a, glass_columns_b, feat_on_display,
          minmay_strange_pillars, feat_on_display, feat_on_display,
          dreamdust_mushroom_princess, fountainhead
D:5:      layout_basic, mainiacjoe_overflow_chevrons, st_stairs_5
D:6:      layout_rooms, lightli_sewer_entry_pipes, grunt_ministairs_8,
          uniq_maggie

Skill      XL: |  1  2  3  4  5  6  7 |
---------------+----------------------+-----
Stealth        | 1 2 3 4 5 6 |  6.9
Short Blades   | 3 4 5 |  5.0
Invocations    | 3 4 5 |  5.1
Dodging        | 4 |  4.5
Fighting       | 3 |  3.3
Armour         | |  0.7

Action                   |  1- 3 |  4- 6 |  7- 9 || total
-------------------------+-------+-------+-------++-------
Melee: Short sword       |   127 |   139 |   208 ||   474
       Punch             |       |     3 |     5 ||     8
Invok: Banish            |       |     3 |     2 ||     5
Evoke: Wand              |       |       |     4 ||     4
  Use: Scroll            |     4 |     3 |     1 ||     8
       Potion            |     2 |     3 |    11 ||    16
 Stab: Sleeping          |       |    10 |     6 ||    16
Armor: Leather armour    |    30 |    20 |    54 ||   104
       Skin              |       |       |     4 ||     4
Dodge: Dodged            |    94 |    83 |   117 ||   294
